 Dungeon Crawl Stone Soup version 0.20.0-7-g3b7b877 (webtiles) character file.

279 Kosschaser the Skirmisher (level 6, -8/49 HPs)
             Began as a Demonspawn Abyssal Knight on May 29, 2017.
             Was a Believer of Lugonu.
             Mangled by Sigmund
             ... wielding a +1 scythe of protection
              (13 damage)
             ... on level 4 of the Dungeon.
             The game lasted 00:10:16 (2599 turns).

Kosschaser the Skirmisher (DsAK)                    Turns: 2599, Time: 00:10:16

Health: -8/49      AC:  4    Str: 11 (12) XL:     6   Next: 5%
Magic:  8/8        EV: 12    Int: 12 (13) God:    Lugonu [**....]
Gold:   171        SH:  0    Dex: 12 (15) Spells: 5/5 levels left

rFire    . . .     SeeInvis .   a - +1 falchion
rCold    + . .     Gourm    .   (no shield)
rNeg     . . .     Faith    .   b - +0 leather armour
rPois    .         Spirit   .   (no helmet)
rElec    .         Reflect  .   (no cloak)
rCorr    .         Harm     .   d - +0 pair of gloves
MR       .....                  (no boots)
Stlth    +.........             (no amulet)
Regen    0.2/turn               (no ring)
MPRegen  0.2/turn               (no ring)

@: no status effects
A: cold resistance 1, freezing cloud immunity
a: Depart the Abyss, Bend Space, Renounce Religion


You were on level 4 of the Dungeon.
You worshipped Lugonu.
Lugonu was pleased with you.
You were not hungry.

You visited 1 branch of the dungeon, and saw 4 of its levels.
You visited the Abyss 1 time.

You collected 171 gold pieces.

Inventory:

Hand Weapons
 a - a +1 falchion (weapon)
Armour
 b - a +0 leather armour (worn)
 d - a +0 pair of gloves (worn)
Wands
 p - a wand of flame (10/48)
 s - a wand of flame (9/48)
Scrolls
 i - 3 scrolls of identify
 j - a scroll of recharging
 k - a scroll of immolation {unknown}
 q - a scroll of magic mapping {unknown}
 r - a scroll of enchant weapon {unknown}
Potions
 e - a potion of curing {unknown}
 f - a potion of degeneration
 l - a potion of ambrosia {unknown}
 m - a potion of heal wounds {unknown}
 n - a potion of agility {unknown}
 o - a potion of flight {unknown}
Comestibles
 c - a bread ration
 g - a meat ration
 h - a royal jelly


   Skills:
 + Level 4.4 Fighting
 + Level 3.5 Long Blades
 + Level 2.7 Armour
 + Level 2.0 Dodging
 - Level 1.2 Stealth
 + Level 2.7 Invocations
 + Level 0.4 Evocations


You had 5 spell levels left.
You didn't know any spells.

Dungeon Overview and Level Annotations

Branches:
Dungeon (4/15)
 Temple: D:4-7

Altars:
Nemelex Xobeh

Annotations:
D:2 Robin
D:4 Sigmund


Innate Abilities, Weirdness & Mutations

Your flesh is cold resistant. (rC+)
You are immune to freezing clouds.


Message History

You hit something. Something hits you!
You hit something. Something hits you.
You barely miss something. You closely miss something.
Something completely misses you.
You closely miss something. Something hits you.
* * * LOW HITPOINT WARNING * * *
It was a potion of degeneration.
There was something very wrong with that liquid.
You feel weakened.
You feel dopey.
You feel clumsy. Something hits you but does no damage.
You miss something. You barely miss something. Something hits you.
* * * LOW HITPOINT WARNING * * *
You barely miss something. Something hits you but does no damage.
You barely miss something. Something hits you but does no damage.
You barely miss something. You closely miss something. Something hits you.
* * * LOW HITPOINT WARNING * * *
You hit something but do no damage. Something hits you!
You die...

........# ........#
.......## ######
.......# ##....#######
.......####...........#
.....#..##...........#
.....#..##...........#
....###.#............#
....# #.........@...##
....# #..........{..#
....# #.............#
....# #..).........##
#...# .............#
#...#####.#.......##
#...# #..######## #...#
#.# #...# #..


There were no monsters in sight!

Vanquished Creatures
  A hungry ghost (D:3)
  An orc priest (D:3)
  6 adders
  A shadow imp (D:3)
  A worm (D:3)
  2 leopard geckos (D:3)
  5 orcs (D:3)
  2 ball pythons (D:1)
  3 giant cockroaches
  7 hobgoblins
  4 kobolds
  4 bats
  4 frilled lizards
  7 goblins
  A rat (D:3)
49 creatures vanquished.

Notes
Turn   | Place    | Note
-------+----------+-------------------------------------------
     0 | Abyss:1  | Kosschaser the Demonspawn Abyssal Knight began the quest for the Orb.
     0 | Abyss:1  | Reached XP level 1. HP: 18/18 MP: 2/2
    43 | Abyss:1  | Found a corrupted altar of Lugonu.
    43 | Abyss:1  | Noticed a green very ugly thing
    48 | D:1      | Escaped the Abyss
   329 | D:1      | Reached skill level 1 in Dodging
   329 | D:1      | Gained mutation: Your flesh is cold resistant. (rC+) [demonic ancestry]
   329 | D:1      | Reached XP level 2. HP: 17/24 MP: 3/3
   535 | D:1      | Reached * piety under Lugonu
   852 | D:2      | Noticed Robin
  1073 | D:3      | Reached XP level 3. HP: 7/29 MP: 5/5
  1721 | D:3      | Gained mutation: You are immune to freezing clouds. [demonic ancestry]
  1721 | D:3      | Reached XP level 4. HP: 22/37 MP: 6/6
  1987 | D:3      | Found a transporter.
  2017 | D:3      | Reached skill level 4 in Fighting
  2025 | D:3      | Found a transporter.
  2131 | D:3      | Found a sparkling altar of Nemelex Xobeh.
  2202 | D:3      | Noticed a hungry ghost
  2259 | D:3      | Killed a hungry ghost
  2259 | D:3      | Reached skill level 1 in Stealth
  2259 | D:3      | Reached XP level 5. HP: 16/42 MP: 7/7
  2455 | D:4      | Reached XP level 6. HP: 41/49 MP: 8/8
  2478 | D:4      | Reached ** piety under Lugonu
  2570 | D:4      | Noticed Sigmund
  2599 | D:4      | Mangled by Sigmund

Skill      XL: |  1  2  3  4 |
---------------+-------------+-----
Dodging        | 1 2 |  2.0
Armour         | 2 |  2.7
Long Blades    | 2 3 |  3.5
Fighting       | 4 |  4.4
Stealth        | 1 |  1.2
Invocations    | |  2.7
Evocations     | |  0.4

Action                   |  1- 3 |  4- 6 || total
-------------------------+-------+-------++-------
Melee: Falchion          |    90 |   102 ||   192
Invok: Depart the Abyss  |     1 |       ||     1
Evoke: Wand              |       |     4 ||     4
  Use: Scroll            |       |     1 ||     1
       Potion            |       |     1 ||     1
 Stab: Sleeping          |     1 |     2 ||     3
  Eat: Chunk             |     3 |     1 ||     4
       Bread ration      |       |     3 ||     3
Armor: Leather armour    |    33 |    30 ||    63
Dodge: Dodged            |    60 |    58 ||   118
       Rpst.: Falchion   |    23 |    22 ||    45
